Map: Prion Terraces

Players

Miszu

  • Race: Terran Terran
  • League: Master

TONNYXX - Winner!

  • Race: Terran Terran
  • League: Master

VOD

Have the link to the VOD?

Description

Time

  • Played on: March 18, 2016, 5:27 p.m.
  • Length: 4:44
Show
View Real Time Build Order
Export as new Build Order

Miszu Terran 

Build Orders: 1/1/1, Banshee Rush 

Get SALT Encoding   

  12  0:02  SCV  
  13  0:14  SCV  
  13  0:17  Supply Depot  
  14  0:26  SCV  
  14  0:27  Refinery  
  15  0:39  SCV  
  16  0:45  Barracks  
  16  0:51  SCV  
  17  1:03  SCV  
  18  1:08  Refinery  
  18  1:15  SCV  
  19  1:32  Factory  
  20  1:35  Orbital Command  
  19  1:40  Supply Depot  
  19  1:42  Reaper  
  20  2:00  SCV  
  21  2:03  Supply Depot  
  21  2:12  SCV  
  21  2:15  Reaper  
  23  2:16  Starport  
  23  2:19  Factory Tech Lab  
  23  2:24  SCV  
  24  2:36  SCV  
  25  2:48  Hellion, SCV  
  28  2:58  Cloaking Field, Banshee  
  28  3:02  Supply Depot  
  28  3:04  SCV  
  32  3:07  Barracks Reactor  
  32  3:16  SCV  
  32  3:18  Hellion  
  35  3:28  SCV  
  36  3:38  Supply Depot  
  36  3:39  Hellion  
  36  3:40  SCV  
  39  3:41  Banshee  
  42  3:52  SCV  
  42  3:53  Marine x2  
  45  4:02  Factory Tech Lab  
  45  4:07  Command Center  
  45  4:09  SCV  
  45  4:24  Engineering Bay  
Show
View Real Time Build Order
Export as new Build Order

TONNYXX Terran - Winner!

Build Orders: 1/1/1, Banshee Rush 

Get SALT Encoding   

  12  0:02  SCV  
  14  0:14  SCV  
  14  0:19  Supply Depot  
  14  0:26  SCV  
  15  0:31  Refinery  
  15  0:40  SCV  
  16  0:46  Barracks  
  16  0:52  SCV  
  17  1:04  SCV  
  18  1:17  SCV  
  19  1:34  Factory, Marine, Orbital Command  
  19  1:37  Refinery  
  20  1:43  Supply Depot  
  20  1:53  Barracks Tech Lab  
  20  2:00  SCV  
  21  2:06  Supply Depot  
  21  2:12  SCV  
  22  2:17  Starport  
  22  2:19  Hellion  
  24  2:23  Marine  
  24  2:24  SCV  
  26  2:36  SCV  
  27  2:42  Hellion  
  29  2:46  Marine  
  29  2:49  SCV  
  31  2:54  Cloaking Field, Banshee  
  34  3:00  Supply Depot  
  34  3:02  SCV  
  35  3:08  Barracks Reactor  
  35  3:13  Engineering Bay  
  35  3:18  Hellion  
  37  3:27  Supply Depot  
  37  3:40  Raven  
  39  3:43  Widow Mine  
  39  3:45  Marine x2  
  43  3:51  Missile Turret  
  43  3:59  Supply Depot, SCV  
  44  4:07  Marine x2  
  46  4:11  SCV  
  47  4:22  Factory Tech Lab  
  47  4:24  Marine x2  
Tags
 
Add a new tag
Caveats
  • Supply blocks, unpowered buildings, or Contaminate may cause inaccurate times.
  • Supply counts are checked every 10 seconds.